 Dungeon Crawl Stone Soup version 0.30.0-29-ga12c61a403 (webtiles) character file.

Game seed: 13248586065238192399

1400 monsoonserge the Carver (level 9, -2/71 HPs)
             Began as a Meteoran Gladiator on June 23, 2023.
             Was a Follower of Okawaru.
             Slain by a killer bee (4 damage)
             ... on level 7 of the Dungeon.
             The game lasted 00:17:08 (2972 turns).

monsoonserge the Carver (Meteoran Gladiator)        Turns: 2972, Time: 00:17:08

Health: -2/71      AC: 14    Str: 16    XL:     9   Next: 20%
Magic:  10/10      EV: 10    Int: 11    God:    Okawaru [*.....]
Gold:   268        SH:  6    Dex: 23    Spells: 8/8 levels left

rFire   . . .        a - +0 long sword
rCold   . . .        m - +0 buckler
rNeg    . . .        v - +0 chain mail
rPois   .            c - +0 helmet
rElec   .            (no cloak)
rCorr   .            z - +2 pair of gloves
SInv    .            (no boots)
Will    +....        (no amulet) Stlth
                     s - +6 ring of dexterity
HPRegen 0.31/turn    (no ring)
MPRegen 0.12/turn

%: no passive effects
@: glowing
A: sense surroundings 2, otherworldly, glowing, explore regen, talons 1, clumsy
1
a: Renounce Religion, Heroism


You were on level 7 of the Dungeon.
You worshipped Okawaru.
Okawaru was aware of your devotion.
You visited 1 branch of the dungeon, and saw 7 of its levels.

You collected 268 gold pieces.

Inventory:

Hand Weapons
 a - a +0 long sword (weapon)
Missiles
 d - 3 throwing nets
 e - a javelin
 q - 2 poisoned darts
 F - 5 boomerangs (quivered)
Armour
 b - a +0 leather armour
 c - a +0 helmet (worn)
 i - a +0 ring mail
 m - a +0 buckler (worn)
 v - a +0 chain mail (worn)
 y - a +0 helmet
 z - a +2 pair of gloves (worn)
Jewellery
 s - a +6 ring of dexterity (left hand)
 E - a ring of ice
Wands
 C - a wand of roots (8)
Scrolls
 g - a scroll of amnesia {unknown}
 h - 5 scrolls of identify {unknown}
 l - 3 scrolls of teleportation {unknown}
 n - a scroll of poison {unknown}
 p - a scroll of noise {unknown}
 t - a scroll of magic mapping {unknown}
 u - a scroll of fog {unknown}
 w - a scroll of silence {unknown}
 x - a scroll of torment {unknown}
 D - 2 scrolls of enchant armour {unknown}
 G - a scroll of immolation {unknown}
 H - a scroll of blinking {unknown}
Potions
 f - a potion of brilliance
 j - a potion of degeneration
 k - a potion of curing
 o - 2 potions of flight {unknown}
 r - a potion of invisibility {unknown}
 A - 2 potions of cancellation {unknown}
 B - a potion of berserk rage {unknown}


   Skills:
 + Level 4.1 Fighting
 + Level 9.3 Long Blades
 + Level 3.1 Throwing
 + Level 5.9 Armour
 + Level 5.0 Dodging
 + Level 3.1 Shields


You had 8 spell levels left.
You didn't know any spells.
Your spell library contained the following spells:

 Spells                   Type           Power      Damage    Failure   Level
 Cigotuvi's Dreadful Rot  Necr/Pois/Air  0%         N/A       100%        2
 Gell's Gravitas          Tloc           0%         N/A       100%        3
 Teleport Other           Tloc           0%         N/A       100%        3
 Dispel Undead            Necr           0%         3d6       100%        4
 Dispersal                Tloc           0%         N/A       100%        6
 Death Channel            Necr           Unusable   N/A       N/A         6

Dungeon Overview and Level Annotations

Branches:
Dungeon (7/15) Zot: 1187   Temple (0/1) D:6

Altars:
Elyvilon
Kikubaaqudgha
Okawaru
Ru
Sif Muna
Yredelemnul

Shops:
D:1 ?

Annotations:
D:3 1 transporter, croobank's ghost, amateur DsIE


Innate Abilities, Weirdness & Mutations

You passively map the area around you.
You are easily found by Zot.
You glow in the dark.
You regain HP and MP as you explore.
You have sharp toenails.
You are clumsy. (Dex -2)


Message History

The killer bee is moderately wounded.
The killer bee stings you but does no damage.
The killer bee closely misses you.
You barely miss the killer bee. You claw the killer bee.
The killer bee is heavily wounded.
The killer bee stings you.
* * * LOW HITPOINT WARNING * * *
You block the killer bee's attack.
You closely miss the killer bee.
The killer bee is heavily wounded.
The killer bee stings you.
* * * LOW HITPOINT WARNING * * *
The killer bee stings you but does no damage.
You hit the killer bee but do no damage.
You claw the killer bee.
The killer bee is severely wounded.
The killer bee stings you.
* * * LOW HITPOINT WARNING * * *
You are poisoned.
The killer bee poisons you!
The killer bee stings you but does no damage.
You hit the killer bee but do no damage.
Your kick misses the killer bee.
The killer bee is severely wounded.
You feel sick. You block the killer bee's attack. The killer bee stings you.
* * * LOW HITPOINT WARNING * * *
You are lethally poisoned!
The killer bee poisons you!
You feel better. The killer bee stings you.
* * * LOW HITPOINT WARNING * * *
The killer bee stings you but does no damage.
You hit the killer bee. Your kick misses the killer bee.
The killer bee is severely wounded.
The killer bee stings you.
* * * LOW HITPOINT WARNING * * *
The killer bee closely misses you.
You miss the killer bee.
The killer bee is severely wounded.
The killer bee stings you.
You die...

, * #......# .. *#,
*#...# .# ,
###..###...####.## .
.......<.........# .$*
.................# ...
.................# ....
##...##...####'###
.....
#...*#...###...##......
#.. #..........@y......
#..
^+..........##......
#.. #..........#
*#####* * #...........
>, .......... , , *
..........+ *
##########* * *


You could see a killer bee.

Vanquished Creatures
  A water moccasin (D:7)
  2 black bears
  3 ogres
  A scorpion (D:4)
  4 killer bees (D:7)
  An orc priest (D:4)
  A hound (D:6)
  A jelly (D:6)
  3 sleepcaps
  4 iguanas
  3 orc wizards
  Natasha (twice) (D:2)
  Robin (D:4)
  4 gnolls (D:6)
  7 adders
  A white imp (D:6)
  2 worms (D:2)
  3 dart slugs
  12 orcs
  A bat (D:1)
  5 endoplasms
  A giant cockroach (D:1)
  6 goblins
  10 hobgoblins
  8 jackals
  3 quokkas
  4 ball pythons
  4 frilled lizards
  3 kobolds
  4 rats
105 creatures vanquished.

Notes
Turn   | Place    | Note
-------+----------+-------------------------------------------
     0 | D:1      | monsoonserge the Meteoran Gladiator began the quest for the
                  | Orb.
     0 | D:1      | Reached XP level 1. HP: 17/17 MP: 2/2
   109 | D:1      | Found Viedieto's Magic Scroll Shoppe.
   415 | D:1      | Reached XP level 2. HP: 24/24 MP: 3/3
   447 | D:1      | Reached skill level 4 in Long Blades
   496 | D:1      | Glimpsed the power of Zot.
   546 | D:1      | Glimpsed the power of Zot.
   679 | D:2      | Reached XP level 3. HP: 29/29 MP: 4/4
   808 | D:2      | Noticed Natasha
   816 | D:2      | Reached XP level 4. HP: 37/37 MP: 5/5
   824 | D:2      | Killed Natasha
   825 | D:2      | Reached skill level 1 in Armour
   825 | D:2      | Reached skill level 1 in Shields
   987 | D:2      | Noticed Natasha
   993 | D:2      | Killed Natasha
   994 | D:2      | Reached XP level 5. HP: 24/42 MP: 6/6
  1078 | D:2      | Glimpsed the power of Zot.
  1127 | D:2      | Glimpsed the power of Zot.
  1173 | D:3      | Reached skill level 5 in Long Blades
  1328 | D:3      | Reached XP level 6. HP: 43/50 MP: 7/7
  1338 | D:3      | Found a transporter.
  1339 | D:3      | Noticed croobank's ghost (amateur DsIE)
  1341 | D:3      | Noticed an ogre
  1341 | D:3      | Identified the +3 dire flail of Oddih {venom, Will+ Stlth+}
  1341 | D:3      | Noticed an ogre
  1366 | D:3      | Noticed Robin
  1407 | D:4      | Found a basalt altar of Yredelemnul.
  1485 | D:4      | Killed Robin
  1593 | D:4      | Reached skill level 6 in Long Blades
  1686 | D:4      | Gained mutation: Armour fits poorly on your strangely
                  | shaped body. [potion of mutation]
  1736 | D:4      | Lost mutation: Armour fits poorly on your strangely shaped
                  | body. [potion of mutation]
  1736 | D:4      | Gained mutation: You are clumsy. (Dex -2) [potion of
                  | mutation]
  1736 | D:4      | Gained mutation: You have sharp toenails. [potion of
                  | mutation]
  1750 | D:4      | Reached XP level 7. HP: 34/56 MP: 8/8
  2023 | D:5      | Entered Level 5 of the Dungeon
  2076 | D:5      | Reached skill level 7 in Long Blades
  2076 | D:5      | Reached XP level 8. HP: 12/63 MP: 9/9
  2383 | D:5      | Found an ancient bone altar of Kikubaaqudgha.
  2387 | D:5      | Found an iron altar of Okawaru.
  2389 | D:5      | Found a sacrificial altar of Ru.
  2389 | D:5      | Found a shimmering blue altar of Sif Muna.
  2397 | D:5      | Reached skill level 8 in Long Blades
  2398 | D:5      | Found a white marble altar of Elyvilon.
  2416 | D:5      | Became a worshipper of Warmaster Okawaru
  2672 | D:6      | Reached skill level 5 in Armour
  2759 | D:6      | Found a staircase to the Ecumenical Temple.
  2914 | D:7      | Reached skill level 9 in Long Blades
  2914 | D:7      | Gained mutation: You passively map the area around you.
                  | [Meteoran growth]
  2914 | D:7      | Reached XP level 9. HP: 70/71 MP: 10/10
  2961 | D:7      | Reached * piety under Okawaru
  2962 | D:7      | Reached skill level 5 in Dodging
  2971 | D:7      | HP: 2/71 [killer bee (3)]
  2972 | D:7      | Slain by a killer bee

Illustrated notes

Levels and vault maps discovered:
D:1:      tarquinn_simple_flora_water_f, layout_basic, serial_shops,
          nicolae_shop_behind_doors, minmay_misc_feat_encased,
          dreamdust_wishing_well
D:2:      layout_basic, minmay_misc_feat_roman, uniq_natasha
D:3:      layout_rooms, gammafunk_ghost_smash, uniq_crazy_yiuf_cottage,
          uniq_robin
D:4:      nicolae_cairo_tiling_large, layout_basic,
          mainiacjoe_overflow_concentric_impassable
D:5:      layout_loops_ring, nicolae_overflow_hallway_of_the_gods,
          uniq_eustachio
D:6:      layout_layer_cave, nicolae_tso_carved_into_rock, temple_fountains
D:7:      layout_gridville, enter_bailey_7, uniq_maggie

Skill      XL: |  1  2  3  4  5  6  7  8  9 |
---------------+----------------------------+-----
Long Blades    | 4 5 6 7 9 |  9.3
Dodging        | 4 5 |  5.0
Armour         | 2 3 4 5 |  5.9
Shields        | 1 2 3 |  3.1
Fighting       | 3 4 |  4.1
Throwing       | 3 |  3.1

Action                     |  1- 3 |  4- 6 |  7- 9 || total
---------------------------+-------+-------+-------++-------
  Melee: Long sword        |    71 |   160 |   176 ||   407
         Kick              |       |     2 |    58 ||    60
  Throw: Dart              |       |     3 |     3 ||     6
         Boomerang         |       |       |     3 ||     3
    Use: Potion            |       |     6 |     2 ||     8
 Armour: Leather armour    |     1 |       |       ||     1
         Ring mail         |    41 |    32 |       ||    73
         Chain mail        |       |    62 |   107 ||   169
  Dodge: Dodged            |    44 |    75 |    52 ||   171
  Block: Buckler           |     9 |    37 |    49 ||    95
